AoeStats
← Pielover757

Nomad

510042394Analyzed
4v4 RM · 4d ago on Sep 29, 2026· 47m 34s· 8 players
Game mode
Random Map
Map size
231×231
Population
200
Speed
Normal
Resources
Standard
Victory
Conquest
Starting age
Dark Age
Ending age
Imperial Age
RankedLock teamsTeams togetherTeam positionsShared explorationLock speedFull tech treeHidden civsTurbo modeCheats
Victory
Defeat
🇨🇦 Jurchens · Canada
1966
+5
🇻🇳 Celts · Vietnam
1886
+7
🇧🇷 Vietnamese · Brazil
1780
+10
🇿🇦 Inca · South Africa
1591
+16
🇹🇼 Slavs · Taiwan
1712
-13
🇨🇳 Khmer · China
1665
-10
🇨🇳 Armenians · China
1647
-9
🇹🇼 Lithuanians · Taiwan
1556
-6
菜就怪隊友
6:40 Loom
13:05 Feudal Age
15:29 Double-Bit Axe
19:00 Wheelbarrow
22:48 Castle Age
21:00 Fletching
30:52 Bodkin Arrow
37:38 Horse Collar
38:32 Town Watch
40:03 Bow Saw
41:03 Hand Cart
45:53 Imperial Age
43:50 Bloodlines
43:52 Scale Barding Armor
44:14 Hill Forts
45:26 Chain Barding Armor
hzos6240
13:43 Feudal Age
15:01 Town Watch
17:31 Castle Age
15:30 Fishing Lines
16:10 Double-Bit Axe
16:38 Loom
17:29 Scale Mail Armor
17:40 Forging
17:15 Man-at-Arms
17:58 Long Swordsman
21:55 Chain Mail Armor
25:38 Squires
30:39 Two-Handed Swordsman
32:51 Iron Casting
32:04 Gambesons
DKDFCD
4:43 Loom
13:55 Feudal Age
16:54 Castle Age
15:11 Double-Bit Axe
15:08 Horse Collar
16:39 Gold Mining
17:30 Town Watch
18:00 Bow Saw
21:39 Bloodlines
22:41 Wheelbarrow
26:53 Fletching
31:40 Scale Barding Armor
39:42 Husbandry
43:29 Heavy Plow
44:05 Gold Shaft Mining
43:21 Stone Mining
45:11 Stone Shaft Mining
45:58 Hand Cart
P0rr1dg3
8:02 Loom
16:05 Feudal Age
17:45 Double-Bit Axe
20:29 Castle Age
18:45 Fletching
19:55 Stone Mining
21:47 Bow Saw
24:50 Town Watch
25:17 Detinets
27:19 Horse Collar
29:53 Heavy Plow
30:38 Husbandry
30:48 Bloodlines
33:22 Wheelbarrow
33:27 Bloodlines
33:23 Scale Barding Armor
34:31 Chain Barding Armor
34:22 Forging
39:28 Imperial Age
37:44 Iron Casting
37:25 Hand Cart
38:27 Gold Mining
38:47 Fishing Lines
39:53 Gold Shaft Mining
39:41 Elite Boyar
41:01 Plate Barding Armor
41:04 Conscription
42:13 Blast Furnace
40:46 Capped Ram
41:44 Siege Ram
43:34 Druzhina
Pielover757
4:54 Loom
12:26 Feudal Age
13:13 Town Watch
16:37 Castle Age
14:33 Double-Bit Axe
17:18 Horse Collar
18:48 Bow Saw
PeAcE mE
4:44 Loom
12:59 Feudal Age
17:07 Castle Age
29:26 Wheelbarrow
28:49 Double-Bit Axe
30:04 Stone Mining
30:25 Bow Saw
31:08 Horse Collar
35:47 Hand Cart
36:23 Fletching
37:18 Ballistics
40:40 Imperial Age
39:05 Bodkin Arrow
39:10 Padded Archer Armor
39:23 Masonry
39:25 Gold Mining
40:46 Leather Archer Armor
41:24 Bracer
42:26 Chemistry
42:12 Ring Archer Armor
43:04 Paper Money
42:58 Scale Mail Armor
43:08 Forging
43:03 Elite Fire Lancer
44:10 Arson
44:15 Pikeman
44:56 Squires
45:12 Chain Mail Armor
44:59 Halberdier
OS+ | slam
12:43 Feudal Age
13:36 Town Watch
14:21 Loom
17:10 Castle Age
16:37 Fishing Lines
17:41 Double-Bit Axe
19:08 Gillnets
20:10 Wheelbarrow
21:34 Horse Collar
26:29 Medium Warships
26:36 Scale Barding Armor
29:42 Fletching
38:47 Imperial Age
38:02 Bow Saw
38:08 Forging
39:32 Hand Cart
40:06 Bloodlines
41:26 Chain Barding Armor
42:44 Plate Barding Armor
42:22 Elite Iron Pagoda
43:13 Gold Mining
44:12 Iron Casting
44:23 Conscription
45:44 Ballistics
46:27 Blast Furnace
47:23 Heavy Plow
saymynameBook
11:37 Feudal Age
12:54 Town Watch
15:52 Castle Age
14:53 Double-Bit Axe
15:24 Loom
16:49 Bow Saw
17:47 Horse Collar
26:11 Wheelbarrow
29:05 Hand Cart
28:59 Gold Mining
30:37 Sanctity
30:13 Stone Mining
35:46 Imperial Age
38:13 Fervor
40:26 Scale Mail Armor
41:09 Forging
42:12 Chain Mail Armor
41:32 Pikeman
43:27 Plate Mail Armor
43:47 Halberdier
45:03 Iron Casting
45:33 Gold Shaft Mining
45:34 Stone Shaft Mining
44:33 Elite Woad Raider
47:51 Blast Furnace
46:42 Fletching
47:55 Ballistics
48:36 Chemistry
Connection lost

Rejoining the realm…

Still unreachable

The connection could not be restored.

Session expired

The server has moved on; the page needs a fresh start.